 Dungeon Crawl Stone Soup version 0.29-a0-653-gd47aff6735 (webtiles) character file.

Game seed: 15220022657504564183

497 happo123 the Gusty (level 7, 0/40 HPs)
             Began as a Tengu Air Elementalist on June 21, 2022.
             Slain by Duvessa
             ... wielding a +0 short sword
              (13 damage)
             ... on level 4 of the Dungeon.
             The game lasted 00:22:32 (3068 turns).

happo123 the Gusty (Tengu Air Elementalist)         Turns: 3068, Time: 00:22:33

Health: 0/40       AC:  3    Str:  9    XL:     7   Next: 15%
Magic:  2/12       EV: 19    Int: 17    God:
Gold:   161        SH:  0    Dex: 14    Spells: 2/12 levels left

rFire   . . .      SeeInvis .   k - +0 short sword (drain)
rCold   . . .      Faith    .   (no shield)
rNeg    . . .      Spirit   .   a - +0 robe
rPois   .          Reflect  .   (helmet restricted)
rElec   .          Harm     .   r - +0 cloak {Will+}
rCorr   .          Rampage  .   (no gloves)
Will    +....                   (boots unavailable)
Stlth   ++........              (no amulet)
HPRegen 0.13/turn               i - +4 ring of evasion
MPRegen 0.13/turn               (no ring)

@: flying quickly and evasively, quick
A: beak, talons 3, nimble flight
a: no special abilities


You were on level 4 of the Dungeon.
You visited 1 branch of the dungeon, and saw 4 of its levels.

You collected 161 gold pieces.

Inventory:

Hand Weapons
 d - a +0 dagger
 g - a +0 fustibalus
 k - a +0 short sword of draining (weapon)
 s - a +2 quarterstaff of chaos
 A - a +4 vorpal trident
Armour
 a - a +0 robe (worn)
 r - a +0 cloak of willpower (worn)
Jewellery
 i - a +4 ring of evasion (left hand)
 y - an amulet of guardian spirit
Wands
 q - a wand of digging (2)
Scrolls
 f - 2 scrolls of poison {unknown}
 j - 3 scrolls of teleportation {unknown}
 m - a scroll of silence {unknown}
 n - 2 scrolls of identify {unknown}
 t - a scroll of immolation {unknown}
 v - a scroll of magic mapping {unknown}
 x - a scroll of amnesia {unknown}
 z - 2 scrolls of fear {unknown}
 C - 2 scrolls of blinking {unknown}
 E - a scroll of noise {unknown}
 F - a scroll of enchant weapon {unknown}
 G - a scroll of fog {unknown}
 J - a scroll of summoning {unknown}
Potions
 b - a potion of magic
 c - 3 potions of degeneration {unknown}
 e - a potion of resistance {unknown}
 h - 4 potions of brilliance {unknown}
 l - 3 potions of curing {unknown}
 o - 2 potions of berserk rage {unknown}
 p - a potion of might
 u - a potion of flight {unknown}
 w - a potion of heal wounds {unknown}
 B - a potion of lignification {unknown}
 D - 2 potions of mutation {unknown}
 H - a potion of attraction {unknown}
 I - a potion of cancellation {unknown}


   Skills:
 + Level 2.2 Fighting
 + Level 3.6 Dodging
 + Level 3.2 Stealth
 + Level 3.0 Spellcasting
 * Level 5.1 Conjurations
 - Level 6.0 Air Magic


You had 2 spell levels left.
You knew the following spells:

 Your Spells              Type           Power      Damage    Failure   Level
a - Shock                 Conj/Air       84%        1d8       1%          1
b - Static Discharge      Conj/Air       21%        N/A       2%          2
c - Swiftness             Air            23%        N/A       4%          3
d - Airstrike             Air            11%        N/A       14%         4

Your spell library contained the following spells:

 Spells                   Type           Power      Damage    Failure   Level
 Call Canine Familiar     Summ           2%         N/A       45%         3
 Gell's Gravitas          Tloc           2%         N/A       45%         3
 Lesser Beckoning         Tloc           2%         N/A       45%         3
 Portal Projectile        Hex/Tloc       4%         N/A       45%         3
 Teleport Other           Tloc           2%         N/A       45%         3
 Leda's Liquefaction      Hex/Erth       1%         N/A       86%         4
 Dispersal                Tloc           1%         N/A       100%        6
 Disjunction              Tloc           1%         N/A       100%        8


Dungeon Overview and Level Annotations

Branches:
Dungeon (4/15)
 Temple: D:4-7

Altars:
Dithmenos
Gozag
Hepliaklqana
Makhleb
Nemelex Xobeh
Qazlal
Trog
Wu Jian
Xom
Zin
The Shining One

Annotations:
D:4 Duvessa


Innate Abilities, Weirdness & Mutations

You have a beak for a mouth.
You have claws for feet.
Your magical nature lets you fly swiftly and evasively.


Message History

Press: ? - help, Dir - move target, f - Duvessa
Aim: Duvessa, wielding a +0 short sword and wearing a +0 leather armour (berserk, empty space bonus: 8/8)
The air twists around and strikes Duvessa!
Duvessa is moderately wounded.
Casting: Airstrike (quite dangerous; 14% risk of failure)
Confirm with . or Enter, or press ? or * to list all spells.
You don't have enough magic to cast this spell.
Duvessa is nearby!
Aiming: Shock (safe; 1% risk of failure)
Press: ? - help, Q - select action, (/) - cycle Shift-Dir - straight line, f/p - Duvessa
Aim: Duvessa, wielding a +0 short sword and wearing a +0 leather armour (moderately wounded, berserk, 77% to hit)
The zap misses Duvessa.
Aiming: Shock (safe; 1% risk of failure)
Press: ? - help, Q - select action, (/) - cycle Shift-Dir - straight line, p - Duvessa The zap hits Duvessa.
Duvessa is moderately wounded.
The zap hits Duvessa.
Duvessa is heavily wounded.
Aiming: Shock (safe; 1% risk of failure)
Press: ? - help, Q - select action, (/) - cycle Shift-Dir - straight line The zap hits Duvessa!
Duvessa is heavily wounded.
The zap hits Duvessa.
Duvessa is heavily wounded.
Duvessa hits you with a +0 short sword. Duvessa barely misses you.
You closely miss Duvessa. Your kick misses Duvessa.
Duvessa is heavily wounded.
Duvessa hits you with a +0 short sword! Duvessa misses you.
You barely miss Duvessa. You claw Duvessa, but do no damage.
Duvessa is heavily wounded.
Duvessa hits you with a +0 short sword!
Duvessa rages.
Duvessa closely misses you. Duvessa attacks as you move away!
Duvessa closely misses you. Duvessa closely misses you.
Duvessa attacks as you move away! Duvessa hits you with a +0 short sword.
Duvessa misses you. Duvessa attacks as you move away!
Duvessa completely misses you. Duvessa hits you with a +0 short sword!
You die...

#....#.#.........†..#...#.⌠._._._
#....#..............#........)...
######....................._._._.
##.............#............
#..........####...#.⌠._._._
#...)..)......##..#........
#...........#.##..#########
#...............#####......
#######.........@.........#......
#....##.).......e.........#......
#....##.#.............##.........
#....#..##............###........
#......#####..........# #....^...
#....### ###..........# ##.#.....
#....# ###....#####..#####.####..
#....###......## ##.#.....# #..
####.......#...####..[.##### #..


You could see Duvessa (berserk).

Vanquished Creatures
  2 scorpions (D:4)
  Dowan (D:4)
  A howler monkey (D:4)
  2 hounds (D:4)
  Crazy Yiuf (D:2)
  An orc wizard (D:4)
  Jessica (D:3)
  Terence (D:3)
  4 adders
  A worm (D:2)
  3 orcs (D:4)
  11 bats
  8 endoplasms
  3 giant cockroaches
  7 goblins
  6 hobgoblins
  6 jackals
  A quokka (D:2)
  4 ball pythons
  2 frilled lizards
  13 kobolds
  5 rats
84 creatures vanquished.

Notes
Turn   | Place    | Note
-------+----------+-------------------------------------------
     0 | D:1      | happo123 the Tengu Air Elementalist began the quest for the
                  | Orb.
     0 | D:1      | Reached XP level 1. HP: 10/10 MP: 4/4
    99 | D:1      | Reached XP level 2. HP: 8/15 MP: 4/6
   103 | D:1      | Learned a level 2 spell: Static Discharge
   557 | D:1      | Reached XP level 3. HP: 20/20 MP: 0/7
   883 | D:2      | Learned a level 3 spell: Swiftness
  1094 | D:2      | Reached XP level 4. HP: 15/24 MP: 1/8
  1447 | D:2      | Found a runed translucent door.
  1448 | D:2      | Noticed Crazy Yiuf
  1454 | D:2      | Killed Crazy Yiuf
  1455 | D:2      | Reached skill level 1 in Fighting
  1455 | D:2      | Reached skill level 5 in Air Magic
  1825 | D:3      | Found a faded altar of an unknown god.
  1884 | D:3      | Noticed Terence
  1899 | D:3      | Killed Terence
  1900 | D:3      | Gained mutation: Your magical nature lets you fly swiftly
                  | and evasively. [Tengu growth]
  1900 | D:3      | Reached XP level 5. HP: 29/29 MP: 5/9
  2068 | D:3      | Found a shimmering altar of Xom.
  2077 | D:3      | Found a white marble altar of Elyvilon.
  2077 | D:3      | Found a broken altar of Ashenzari.
  2088 | D:3      | Found a basalt altar of Yredelemnul.
  2088 | D:3      | Found a radiant altar of Vehumet.
  2088 | D:3      | Found a hide-covered altar of Uskayaw.
  2219 | D:3      | Noticed Jessica
  2226 | D:3      | Killed Jessica
  2619 | D:4      | Reached XP level 6. HP: 34/34 MP: 5/11
  2660 | D:4      | Found a glowing silver altar of Zin.
  2661 | D:4      | Found a sparkling altar of Nemelex Xobeh.
  2661 | D:4      | Found a shadowy altar of Dithmenos.
  2662 | D:4      | Found a hazy altar of Hepliaklqana.
  2663 | D:4      | Found a burning altar of Makhleb.
  2663 | D:4      | Found an ornate altar of the Wu Jian Council.
  2664 | D:4      | Found an opulent altar of Gozag.
  2665 | D:4      | Found a bloodstained altar of Trog.
  2665 | D:4      | Found a stormy altar of Qazlal.
  2666 | D:4      | Found a glowing golden altar of the Shining One.
  2832 | D:4      | Reached skill level 6 in Air Magic
  2946 | D:4      | Reached XP level 7. HP: 25/40 MP: 7/12
  3028 | D:4      | Noticed Dowan
  3042 | D:4      | Killed Dowan
  3043 | D:4      | Reached skill level 5 in Conjurations
  3044 | D:4      | Noticed Duvessa
  3051 | D:4      | Learned a level 4 spell: Airstrike
  3068 | D:4      | Slain by Duvessa

Illustrated notes

Levels and vault maps discovered:
D:1:      co_arrival_square_in_a_square_in_a_square, layout_basic,
          moated_statue, minmay_pentomino_u4
D:2:      layout_basic, uniq_crazy_yiuf_cottage
D:3:      layout_basic, doesnt_xom_only_xom,
          hellmonk_ecumenical_altar_leap_of_faith, uniq_terence, uniq_jessica
D:4:      layout_rooms, nicolae_overflows_in_rows, uniq_duvessa

Skill      XL: |  1  2  3  4  5  6  7 |
---------------+----------------------+-----
Conjurations   | 2 3 4 5 |  5.1
Fighting       | 1 2 |  2.2
Air Magic      | 5 6 |  6.0
Dodging        | 3 |  3.6
Stealth        | 3 |  3.2
Spellcasting   | 3 |  3.0

Action                   |  1- 3 |  4- 6 |  7- 9 || total
-------------------------+-------+-------+-------++-------
Melee: Dagger            |    24 |       |       ||    24
       Peck              |     3 |     2 |     1 ||     6
       Short sword       |     6 |    41 |     8 ||    55
       Kick              |     3 |    12 |     3 ||    18
 Cast: Shock             |    36 |    40 |    12 ||    88
       Static Discharge  |     4 |     8 |     2 ||    14
       Airstrike         |       |       |     1 ||     1
 Stab: Sleeping          |     4 |     3 |       ||     7
Armor: Robe              |     6 |    11 |     2 ||    19
Dodge: Dodged            |    29 |    60 |    15 ||   104

Table legend: (Time is in decaauts)
 A = Elapsed time spent in this place.
 B = Non-inter-level travel time spent in this place.
 C = Inter-level travel time spent in this place.
 D = Time resting spent in this place.
 E = Time spent auto-exploring this place.
 F = Levels seen in this place.
 G = Mean time per level.
                   A        B        C        D        E       F      G
               +--------+--------+--------+--------+--------+-----+--------+
         Total |   2973 |   1885 |   1088 |    252 |    878 |   4 |  743.2 |
       Dungeon |   2973 |   1885 |   1088 |    252 |    878 |   4 |  743.2 |
               +--------+--------+--------+--------+--------+-----+--------+

Top non-repeatable levels by time:
     D:1: 910 daAuts
     D:2: 859 daAuts
     D:3: 774 daAuts
     D:4: 428 daAuts
